 Dungeon Crawl Stone Soup version 0.28-a0-750-g7c675f85b1 (webtiles) character file.

Game seed: 6666445668885988699

239577 KoroneIsBestGirl the Slayer (level 19, -6/193 HPs)
             Began as a Minotaur Berserker on Oct 29, 2021.
             Was the Champion of Trog.
             Mangled by the 27-headed Lernaean hydra (7 damage)
             ... on level 3 of the Swamp.
             The game lasted 00:59:33 (37682 turns).

KoroneIsBestGirl the Slayer (Minotaur Berserker)   Turns: 37682, Time: 00:59:34

Health: -6/193     AC: 18    Str: 35    XL:     19   Next: 2%
Magic:  9/9        EV: 16    Int:  4    God:    Trog [******]
Gold:   1194       SH: 14    Dex: 10    Spells: 18/18 levels left

rFire   + + .      SeeInvis +   g - +9 demon trident "Ismumita" {spect, rF++ rC-}
rCold   + + .      Faith    .   J - +0 kite shield of Sunlight {rElec rC- MP-9 Slay+5}
rNeg    . . .      Spirit   .   C - +4 skin of Zhor {*Englaciate rC+++ SInv}
rPois   +          Reflect  .   P - +2 hat {Stlth+}
rElec   +          Harm     .   q - +2 cloak
rCorr   +          Rampage  .   V - +1 pair of gloves {Stlth+}
Will    +....                   Q - +0 pair of boots "Oqueqeid" {rPois Regen+ Str+7 Dex-2}
Stlth   +++.......              T - amulet of regeneration
HPRegen 2.42/turn               N - ring of protection from cold
MPRegen 0.11/turn               y - ring of resist corrosion

@: on berserk cooldown, slowed, very slow
A: horns 2, retaliatory headbutt
}: 1/15 runes: serpentine
a: Renounce Religion, Berserk, Trog's Hand, Brothers in Arms


You were on level 3 of the Swamp.
You worshipped Trog.
Trog was exalted by your worship.
You visited 5 branches of the dungeon, and saw 31 of its levels.
You visited the Abyss 1 time.
You also visited: Ossuary, Bailey and Ice Cave.

You collected 4102 gold pieces.
You spent 2908 gold pieces at shops.

Inventory:

Hand Weapons
 g - the +9 demon trident "Ismumita" (weapon) {spect, rF++ rC-}
   (You acquired it in an ice cave)

   When its wielder attacks, the weapon's spirit leaps out and strikes again.
   The spirit shares a part of any damage it takes with its wielder.
   rF:        It greatly protects you from fire.
   rC:        It makes you vulnerable to cold.
 U - a +1 short sword of distortion
Missiles
 k - 689 stones (quivered)
 K - 2 throwing nets
 O - 22 javelins
Armour
 q - a +2 cloak (worn)
 C - the +4 skin of Zhor (worn) {*Englaciate rC+++ SInv}
   (You bought it in a shop on level 2 of the Orcish Mines)

   It radiates cold, occasionally slowing all nearby creatures who are not
   resistant to cold.
   rC:        It renders you almost immune to cold.
   SInv:      It lets you see invisible.
 J - the +0 kite shield of Sunlight (worn) {rElec rC- MP-9 Slay+5}
   (You found it on level 3 of the Lair of Beasts)

   Slay:      It affects your accuracy & damage with ranged weapons and melee
   (+5).
   rC:        It makes you vulnerable to cold.
   rElec:     It insulates you from electricity.
   MP:        It affects your magic capacity (-9).
 P - a +2 hat of stealth (worn)
 Q - the +0 pair of boots "Oqueqeid" (worn) {rPois Regen+ Str+7 Dex-2}
   (You acquired it on level 10 of the Dungeon)

   Str:       It affects your strength (+7).
   Dex:       It affects your dexterity (-2).
   rPois:     It protects you from poison.
   Regen:     It increases your rate of health regeneration.
 V - a +1 pair of gloves of stealth (worn)
Jewellery
 f - the ring "Cetroozu" {Ice rElec Str+4}
   (You found it on level 2 of the Abyss)

   [ring of ice]

   It enhances your ice magic.
   Str:       It affects your strength (+4).
   rF:        It makes you vulnerable to fire.
   rC:        It protects you from cold.
   rElec:     It insulates you from electricity.
 j - an amulet of reflection
 o - a ring of protection from cold
 y - a ring of resist corrosion (right hand)
 N - a ring of protection from cold (left hand)
 T - an amulet of regeneration (around neck)
 X - a ring of flight
 Z - an amulet of magic regeneration
Wands
 b - a wand of digging (4)
 A - a wand of paralysis (20)
 D - a wand of acid (10)
Scrolls
 c - a scroll of brand weapon
 d - 4 scrolls of fog
 e - 7 scrolls of noise
 h - 3 scrolls of silence
 l - 4 scrolls of magic mapping
 n - 7 scrolls of teleportation
 r - 2 scrolls of immolation
 s - 9 scrolls of vulnerability
 v - a scroll of fear
 x - 5 scrolls of amnesia
 z - 2 scrolls of summoning
 F - a scroll of holy word
 I - 5 scrolls of enchant armour
 R - 3 scrolls of blinking
 S - 5 scrolls of enchant weapon
 W - 4 scrolls of identify
Potions
 a - 2 potions of degeneration
 i - 8 potions of curing
 m - 2 potions of haste
 p - a potion of magic {unknown}
 t - 10 potions of heal wounds
 u - 2 potions of cancellation
 w - 2 potions of berserk rage
 B - 6 potions of might
 E - 7 potions of flight
 G - 4 potions of lignification
 H - 9 potions of attraction
 L - 3 potions of mutation
 M - 3 potions of resistance
 Y - 10 potions of ambrosia


   Skills:
 + Level 22.8 Fighting
 - Level 18.3 Polearms
 - Level 11.0 Throwing
 + Level 20.0 Armour
 * Level 12.1 Dodging
 + Level 18.4 Shields


You had 18 spell levels left.
You didn't know any spells.
Your spell library contained the following spells:

 Spells                   Type           Power      Damage    Failure   Level
 Summon Ice Beast         Ice/Summ       0%         N/A       99%         4
 Spellforged Servitor     Conj/Summ      0%         N/A       100%        7
 Dragon's Call            Summ           0%         N/A       100%        9


Dungeon Overview and Level Annotations

Branches:
Dungeon (15/15)            Temple (0/1) D:5            Lair (6/6) D:11
  Swamp (4/4) Lair:4        Snake (4/4) Lair:3        Slime (0/5) Lair:6
    Orc (2/2) D:11            Elf (0/3) Orc:2        Vaults (0/5) D:14
 Depths (0/4) D:15        Ossuary (visited)          Bailey (visited)
  IceCv (visited)

Altars:
Ashenzari
Cheibriados
Gozag
Hepliaklqana
Makhleb
Okawaru
Qazlal
Trog
Xom
Beogh
Jiyva

Shops:
D:9 :   Orc:2 (?[?[   Snake:1 *

Portals:
Abyss: D:11

Annotations:
Lair:1 2 transporters, Chaicat's ghost, journeyman MiBe
Swamp:3 Lernaean hydra


Innate Abilities, Weirdness & Mutations

You have a pair of horns on your head.
You reflexively headbutt those who attack you in melee.


Message History

The 27-headed Lernaean hydra closely misses you.
The 27-headed Lernaean hydra bites you.
The 27-headed Lernaean hydra bites you but does no damage.
The 27-headed Lernaean hydra closely misses you.
The 27-headed Lernaean hydra bites you but does no damage.
The 27-headed Lernaean hydra closely misses you.
The 27-headed Lernaean hydra bites you! The 27-headed Lernaean hydra bites you.
The 27-headed Lernaean hydra bites you but does no damage. x3
The 27-headed Lernaean hydra bites you.
You block the 27-headed Lernaean hydra's attack.
The 27-headed Lernaean hydra bites you! x2
* * * LOW HITPOINT WARNING * * *
The 27-headed Lernaean hydra bites you.
* * * LOW HITPOINT WARNING * * *
The 27-headed Lernaean hydra closely misses you.
The 27-headed Lernaean hydra bites you.
* * * LOW HITPOINT WARNING * * *
The 27-headed Lernaean hydra bites you.
* * * LOW HITPOINT WARNING * * *
The 27-headed Lernaean hydra completely misses you.
The 27-headed Lernaean hydra bites you.
* * * LOW HITPOINT WARNING * * *
The 27-headed Lernaean hydra bites you but does no damage. x2
The 27-headed Lernaean hydra bites you!
* * * LOW HITPOINT WARNING * * *
The 27-headed Lernaean hydra bites you.
* * * LOW HITPOINT WARNING * * *
The 27-headed Lernaean hydra bites you but does no damage.
The 27-headed Lernaean hydra bites you!
* * * LOW HITPOINT WARNING * * *
The 27-headed Lernaean hydra bites you but does no damage.
The 27-headed Lernaean hydra bites you!
* * * LOW HITPOINT WARNING * * *
The 27-headed Lernaean hydra bites you but does no damage.
The 27-headed Lernaean hydra barely misses you.
The 27-headed Lernaean hydra bites you but does no damage.
You block the 27-headed Lernaean hydra's attack.
The 27-headed Lernaean hydra bites you but does no damage.
The 27-headed Lernaean hydra bites you!
You die...

♣ ♣.♣.♣ ♣♣♣ ♣≈...♣♣ ♣ ♣.≈≈♣
♣♣.♣♣♣♣...♣♣ ♣♣ ♣≈≈≈♣ ♣.≈.♣♣≈≈.♣♣
♣ .♣♣ ♣..♣♣ ♣≈≈♣♣♣.≈♣♣ ♣ ♣.♣ ♣..♣
♣♣≈.≈♣...♣ ♣♣ ..♣ ♣..♣
♣≈≈≈≈.≈≈≈♣♣ ♣♣§ .≈♣♣♣..♣
♣♣≈D≈≈...≈≈♣♣ ♣.≈ .≈.♣♣.♣♣
♣♣.D>D..≈≈.≈≈♣ ♣♣≈♣ ≈♣....♣
♣♣..@≈≈≈≈≈≈≈..♣ ♣♣≈.≈ ≈≈≈≈≈≈♣
♣....i≈≈≈≈≈≈§.♣♣♣≈≈≈≈ ≈≈.♣≈§♣
♣♣≈.....≈≈≈.≈≈.≈♣..≈≈≈ ..§≈≈.♣♣
♣♣.≈.<..≈..<≈≈≈.≈≈.≈≈≈. ≈≈≈.≈.≈♣
♣♣.......≈≈♣♣≈♣≈≈≈≈.≈≈..
♣≈♣.≈≈)♣♣♣..≈..[.≈≈.♣♣≈≈≈.≈.≈≈§..
♣≈..≈≈).♣..≈≈.≈≈.(≈≈♣♣♣≈≈≈.≈≈≈.≈.
♣♣≈≈≈≈)÷..≈.≈♣≈.≈≈.♣♣...≈≈.≈≈≈≈..
♣.♣..≈≈♣≈≈≈≈≈≈♣≈≈..≈.♣.≈≈.....≈.


You could see the 27-headed Lernaean hydra (ally target), a friendly
eight-headed hydra (summoned), a friendly four-headed hydra (summoned) and a
friendly spriggan rider (summoned).

Vanquished Creatures
  Mara (Snake:3)
  Bai Suzhen (Swamp:3)
  Vashnia (Snake:2)
  A tentacled monstrosity (Swamp:2)
  Rupert (Lair:5)
  Jorgrun (Swamp:3)
  Mlioglotl (Snake:3)
  A tentacled starspawn (Abyss:1)
  A thorn hunter (Swamp:2)
  Gastronok (D:10)
  A tengu reaver (D:12)
  4 nagarajas
  Aizul (Snake:2)
  4 orc warlords
  A reaper (IceCv)
  A stone giant (D:12)
  An entropy weaver (shapeshifter) (D:11)
  A dire elephant (Lair:6)
  9 bunyips
  Josephine (Orc:2)
  An ettin (Orc:1)
  6 eleionomae
  A shambling mangrove (Swamp:2)
  A yaktaur captain (D:14)
  2 boulder beetles
  A rakshasa (D:14)
  The ghost of ytrimaz the Cleaver, a journeyman FoFi of Okawaru (D:11)
  19 hydras
  Erica (D:10)
  2 ghost crabs
  14 naga warriors
  6 salamander tyrants
  2 catoblepae
  27 anacondas
  11 two-headed ogres
  5 centaur warriors
  5 alligators
  2 death knights (D:12)
  Urug (D:13)
  3 death yaks (Lair:6)
  An orc high priest (Orc:2)
  18 naga sharpshooters
  4 shock serpents
  A wretched star (Abyss:1)
  Sonja (D:13)
  Nergalle (Lair:1)
  A skeletal warrior (D:12)
  4 salamander mystics
  2 goliath frogs
  A deep troll (D:15)
  A spatial maelstrom (Abyss:1)
  2 swamp dragons
  3 bog bodies
  A flayed ghost (D:12)
  Pikel (D:8)
  11 naga ritualists
  2 spriggan druids
  7 oklob plants
  4 deep elf pyromancers
  A necromancer (D:15)
  A lindwurm (Lair:6)
  An orc knight (Orc:2)
  A shadow dragon zombie (Abyss:1)
  2 wolf spiders (Lair:6)
  9 mana vipers
  6 manticores
  7 orc sorcerers
  A will-o-the-wisp (Swamp:1)
  21 ugly things
  21 salamanders
  9 cyclopes
  33 black mambas
  A worldbinder (Abyss:1)
  A rust devil (Abyss:1)
  A toenail golem (D:11)
  2 ice statues (IceCv)
  A water nymph (shapeshifter) (D:12)
  Joseph (D:8)
  10 elephants
  2 gargoyles (D:12)
  23 naga magi
  A spriggan zombie (Abyss:1)
  Maggie (D:10)
  A torpor snail (Lair:6)
  10 guardian serpents
  Psyche (D:8)
  14 cane toads
  8 rime drakes
  4 kobold demonologists
  9 komodo dragons
  3 freezing wraiths
  9 ice devils
  2 yaktaurs (D:14)
  A queen bee (Lair:2)
  An entropy weaver simulacrum (IceCv)
  3 meliai (D:15)
  A tengu conjurer (D:15)
  4 trolls
  7 tyrant leeches
  17 hornets
  10 polar bears
  A blink frog (shapeshifter) (D:13)
  5 raiju
  8 blink frogs
  A raiju (shapeshifter) (D:15)
  Prince Ribbit (D:9)
  10 slime creatures
  12 dream sheep
  4 shadows
  A centaur simulacrum (D:9)
  14 spriggans
  2 wyverns
  6 vampires
  Grum (D:8)
  9 wraiths
  18 yaks
  A steam dragon (D:8)
  8 basilisks
  4 small abominations
  A fire bat (Abyss:1)
  A death yak simulacrum (IceCv)
  A neqoxec (Abyss:1)
  2 harpy simulacra (IceCv)
  59 nagas
  14 vampire mosquitoes
  10 swamp worms
  16 wargs
  An acid dragon (D:11)
  22 water moccasins
  A spatial vortex (Abyss:1)
  14 hell hounds (Lair:6)
  7 swamp drakes
  12 black bears
  53 orc warriors
  2 sky beasts
  8 ogres
  A necrophage (D:6)
  26 wolves
  22 centaurs
  3 lemures (D:8)
  A kobold brigand (D:6)
  9 bullfrogs
  3 scorpions
  A cane toad simulacrum (IceCv)
  2 two-headed ogre simulacra (IceCv)
  A wyvern skeleton (D:7)
  2 elephant simulacra (IceCv)
  23 killer bees (Lair:2)
  5 howler monkeys
  2 vampire bats (Orc:2)
  4 electric eels (Lair:1)
  2 centaur zombies
  4 hounds
  19 orc priests
  A bullfrog skeleton (D:6)
  3 centaur skeletons (D:6)
  A jelly (D:8)
  23 orc wizards
  A hell rat (Lair:6)
  3 iguanas
  A polar bear simulacrum (IceCv)
  3 troll simulacra (IceCv)
  A killer bee zombie (D:8)
  A wolf simulacrum (IceCv)
  2 mummies (Ossuary)
  2 howler monkey zombies
  4 gnolls (Orc:2)
  2 howler monkey skeletons
  5 adders
  A naga simulacrum (IceCv)
  A shadow imp (D:7)
  3 white imps (IceCv)
  3 ufetubi
  An adder skeleton (D:4)
  A worm (D:2)
  4 dart slugs
  126 orcs
  5 endoplasms
  3 giant cockroaches (D:3)
  3 goblins
  11 hobgoblins
  2 jackals (D:4)
  11 kobolds
  5 quokkas
  8 ball pythons
  8 bats
  A frilled lizard (D:1)
  5 gnoll zombies (Ossuary)
  A goblin zombie (Ossuary)
  4 hobgoblin zombies (Ossuary)
  3 orc zombies (Ossuary)
  7 rats
  3 briar patches (Swamp:4)
  2 plants (Lair:1)
  2 starspawn tentacles (Abyss:1)
1210 creatures vanquished.

Vanquished Creatures (others)
  A wizard (D:5)
  A bloated husk (Swamp:3)
  A swamp drake (Swamp:4)
  6 foxfires (Swamp:1)
  4 fungi
  56 plants
  2 starspawn tentacles (Abyss:1)
71 creatures vanquished.

Grand Total: 1281 creatures vanquished

Notes
Turn   | Place    | Note
-------+----------+-------------------------------------------
     0 | D:1      | KoroneIsBestGirl the Minotaur Berserker began the quest for
                  | the Orb.
     0 | D:1      | Reached XP level 1. HP: 19/19 MP: 0/0
   434 | D:1      | Reached XP level 2. HP: 27/27 MP: 1/1
   438 | D:1      | Found a faded altar of an unknown god.
   592 | D:1      | Reached skill level 4 in Fighting
  1261 | D:2      | Noticed a scorpion
  1269 | D:2      | Killed a scorpion
  1270 | D:2      | Reached XP level 3. HP: 34/34 MP: 2/2
  1270 | D:2      | Reached XP level 4. HP: 41/41 MP: 3/3
  1565 | D:2      | Reached ** piety under Trog
  2031 | D:3      | Found an opulent altar of Gozag.
  2058 | D:3      | Found a burning altar of Makhleb.
  2357 | D:3      | Found a hazy altar of Hepliaklqana.
  2430 | D:3      | Reached skill level 5 in Fighting
  2681 | D:4      | Reached XP level 5. HP: 48/48 MP: 4/4
  2819 | D:4      | Reached skill level 5 in Polearms
  2828 | D:4      | Found a sand-covered staircase.
  3130 | Ossuary  | Entered an ossuary
  3152 | Ossuary  | Reached XP level 6. HP: 57/57 MP: 5/5
  3664 | D:4      | Reached *** piety under Trog
  3671 | D:4      | Reached skill level 5 in Armour
  4023 | D:4      | Reached skill level 6 in Fighting
  4132 | D:5      | Entered Level 5 of the Dungeon
  4299 | D:5      | Noticed a water moccasin
  4333 | D:5      | Killed a water moccasin
  4334 | D:5      | Reached XP level 7. HP: 56/64 MP: 6/6
  5015 | D:5      | Found a staircase to the Ecumenical Temple.
  5055 | D:5      | Found a bloodstained altar of Trog.
  5058 | D:5      | Noticed a wizard
  5063 | D:5      | Killed a wizard
  5157 | D:5      | Identified a scroll of acquirement
  5214 | D:6      | Reached skill level 7 in Fighting
  5585 | D:6      | Reached XP level 8. HP: 73/73 MP: 7/7
  6151 | D:6      | Reached skill level 8 in Fighting
  6153 | D:6      | Reached **** piety under Trog
  6484 | D:7      | Found a snail-covered altar of Cheibriados.
  6863 | D:7      | Reached skill level 9 in Fighting
  6863 | D:7      | Reached XP level 9. HP: 53/83 MP: 8/8
  7058 | D:7      | Found a broken altar of Ashenzari.
  7630 | D:8      | Reached skill level 1 in Shields
  7823 | D:8      | Noticed Joseph
  8344 | D:8      | Killed Joseph
  8345 | D:8      | Reached skill level 10 in Fighting
  8345 | D:8      | Reached skill level 10 in Polearms
  8456 | D:8      | Noticed Psyche
  8476 | D:8      | Killed Psyche
  8536 | D:8      | Noticed Grum
  8540 | D:8      | Reached XP level 10. HP: 93/93 MP: 9/9
  8549 | D:8      | Killed Grum
  8654 | D:8      | Reached skill level 5 in Shields
  8687 | D:8      | Reached skill level 10 in Armour
  9199 | D:8      | Noticed Pikel
  9208 | D:8      | Killed Pikel
  9571 | D:9      | Found a shimmering altar of Xom.
  9577 | D:9      | Found a shimmering altar of Xom.
  9579 | D:9      | Found a shimmering altar of Xom.
  9580 | D:9      | Found a shimmering altar of Xom.
  9581 | D:9      | Found a shimmering altar of Xom.
  9581 | D:9      | Found a shimmering altar of Xom.
  9583 | D:9      | Found a shimmering altar of Xom.
 10068 | D:9      | Found Sevidos's Book Shoppe.
 10074 | D:9      | Noticed Prince Ribbit
 10091 | D:9      | Killed Prince Ribbit
 10404 | D:10     | Entered Level 10 of the Dungeon
 10424 | D:10     | Noticed a centaur warrior
 11132 | D:10     | Killed a centaur warrior
 11133 | D:10     | Reached skill level 11 in Fighting
 12043 | D:10     | Noticed Gastronok
 12046 | D:10     | Noticed Maggie
 12047 | D:11     | Noticed Erica
 12051 | D:11     | Noticed a two-headed ogre
 12053 | D:11     | Noticed a two-headed ogre
 12062 | D:11     | Noticed a soul eater
 12062 | D:11     | Killed a two-headed ogre
 12063 | D:11     | Reached XP level 11. HP: 91/103 MP: 10/10
 12539 | D:10     | Killed Erica
 12627 | D:10     | Killed Maggie
 12708 | D:10     | Killed Gastronok
 12709 | D:10     | Reached skill level 12 in Fighting
 12898 | D:10     | Acquired the +0 pair of boots "Oqueqeid" {rPois Regen+
                  | Str+7 Dex-2}
 12934 | D:11     | Killed a two-headed ogre
 12945 | D:11     | Noticed a boulder beetle
 13462 | D:11     | Killed a boulder beetle
 13508 | D:11     | Noticed an oklob plant
 13511 | D:11     | Found a staircase to the Lair.
 13511 | D:11     | Noticed an oklob plant
 13511 | D:11     | Noticed an oklob plant
 13529 | D:11     | Killed an oklob plant
 13838 | D:11     | Found a one-way gate to the infinite horrors of the Abyss.
 13838 | D:11     | Noticed ytrimaz's ghost (journeyman FoFi)
 13855 | D:11     | Found a transporter.
 13881 | D:11     | Found a transporter.
 13882 | D:11     | Noticed a brown ugly thing
 13897 | D:11     | Killed a brown ugly thing
 14001 | D:11     | Paralysed by a hornet for 2 turns
 14146 | D:11     | Found a staircase to the Orcish Mines.
 14286 | D:11     | Killed an oklob plant
 14653 | D:11     | Noticed a two-headed ogre
 14660 | D:11     | Killed a two-headed ogre
 14782 | D:11     | Killed an oklob plant
 14871 | D:12     | Noticed a deep elf pyromancer
 14930 | D:12     | Killed a deep elf pyromancer
 14955 | D:12     | Found a frozen archway.
 15000 | IceCv    | Entered an ice cave
 15014 | IceCv    | Acquired a manual of Fighting
 15016 | IceCv    | Acquired the +9 demon trident "Ismumita" {spect, rF++ rC-}
 15031 | IceCv    | Reached XP level 12. HP: 112/113 MP: 11/11
 15038 | IceCv    | Reached skill level 13 in Fighting
 15125 | IceCv    | Reached ***** piety under Trog
 15914 | IceCv    | Noticed a reaper
 15921 | IceCv    | Killed a reaper
 15922 | IceCv    | Reached skill level 10 in Shields
 16003 | IceCv    | Reached skill level 14 in Fighting
 16455 | D:12     | Reached skill level 15 in Fighting
 16539 | D:12     | Noticed a death knight
 16547 | D:12     | Killed a death knight
 16710 | D:12     | Reached XP level 13. HP: 127/127 MP: 12/12
 16902 | D:12     | Received a gift from Trog
 17366 | D:12     | Reached skill level 16 in Fighting
 17384 | D:12     | Noticed a tengu reaver
 17415 | D:12     | Killed a tengu reaver
 17745 | D:12     | Noticed a stone giant
 17754 | D:12     | Killed a stone giant
 17985 | D:13     | Noticed Sonja
 17989 | D:13     | Killed Sonja
 18072 | D:13     | Found a flagged portal.
 18081 | Bailey   | Entered a bailey
 18543 | Bailey   | Reached skill level 15 in Polearms
 18962 | D:13     | Reached skill level 17 in Fighting
 18984 | D:13     | Noticed Urug
 18993 | D:13     | Killed Urug
 19084 | D:13     | Reached skill level 15 in Armour
 19182 | D:13     | Found a stormy altar of Qazlal.
 19344 | D:14     | Found a gate to the Vaults.
 20237 | D:14     | Reached XP level 14. HP: 140/140 MP: 13/13
 21150 | D:15     | Entered Level 15 of the Dungeon
 21196 | D:15     | Found an iron altar of Okawaru.
 21221 | D:15     | Reached skill level 1 in Throwing
 21228 | D:15     | Reached skill level 18 in Fighting
 21541 | D:15     | Reached skill level 5 in Dodging
 21617 | D:15     | Found a staircase to the Depths.
 21878 | Lair:1   | Entered Level 1 of the Lair of Beasts
 21964 | Lair:1   | Found a transporter.
 21968 | Lair:1   | Noticed Chaicat's ghost (journeyman MiBe)
 22086 | Lair:1   | Found a transporter.
 22153 | Lair:1   | Noticed Nergalle
 22157 | Lair:1   | Killed Nergalle
 22722 | Lair:1   | Received a gift from Trog
 22777 | Lair:1   | Reached ****** piety under Trog
 22792 | Lair:1   | Got the Disquisition on Calling
 23554 | Lair:2   | Identified the +9 shortbow "Nysk" {freeze, *Corrode Fragile
                  | Str+9 Dex+2}
 23813 | Lair:3   | Identified the +0 kite shield of Sunlight {rElec rC- MP-9
                  | Slay+5}
 24012 | Lair:3   | Reached skill level 19 in Fighting
 24071 | Lair:3   | Found a staircase to the Snake Pit.
 24236 | Lair:3   | Received a gift from Trog
 24682 | Snake:1  | Entered Level 1 of the Snake Pit
 24690 | Snake:1  | Reached XP level 15. HP: 152/152 MP: 5/14
 25001 | Snake:1  | You fall into a shaft and drop 1 floor!
 25021 | Snake:2  | Reached skill level 5 in Throwing
 25467 | Snake:1  | Found Biawoe Koko's Neck Hole.
 25686 | Snake:2  | Received a gift from Trog
 25805 | Snake:2  | Reached skill level 20 in Fighting
 25856 | Snake:2  | Noticed Vashnia
 25870 | Snake:2  | Killed Vashnia
 26775 | Snake:2  | Noticed Aizul
 26784 | Snake:2  | Killed Aizul
 27164 | Snake:3  | Reached skill level 15 in Shields
 27183 | Snake:3  | Reached XP level 16. HP: 147/165 MP: 6/15
 27515 | Snake:3  | Noticed Mlioglotl
 27525 | Snake:3  | Killed Mlioglotl
 27543 | Snake:3  | Noticed Mara
 27560 | Snake:3  | Killed Mara
 27560 | Snake:3  | Received a gift from Trog
 28321 | Snake:4  | Entered Level 4 of the Snake Pit
 28557 | Snake:4  | Received a gift from Trog
 28596 | Snake:4  | Reached skill level 21 in Fighting
 28678 | Snake:4  | Reached XP level 17. HP: 173/173 MP: 7/16
 28723 | Snake:4  | Reached skill level 10 in Dodging
 28766 | Snake:4  | Got a serpentine rune of Zot
 29418 | Snake:4  | Received a gift from Trog
 29797 | Lair:4   | Found a staircase to the Swamp.
 29944 | Lair:4   | You fall into a shaft and drop 2 floors!
 29944 | Lair:6   | Entered Level 6 of the Lair of Beasts
 30088 | Lair:6   | Identified the +3 leather armour "Relur" {+Inv Int+2
                  | Slay+4}
 30129 | Lair:6   | Identified the +7 bardiche "Fegennin" {flame, rElec rC+
                  | Str+2} (Trog gifted it to you on level 6 of the Lair of
                  | Beasts)
 30129 | Lair:6   | Received a gift from Trog
 30282 | Lair:6   | Found a staircase to the Slime Pits.
 30282 | Lair:6   | Found a viscous altar of Jiyva.
 30926 | Lair:6   | Received a gift from Trog
 31318 | Lair:5   | Noticed Rupert
 31326 | Lair:5   | Killed Rupert
 32410 | Lair:4   | Identified the +4 war axe of Bloody Death {freeze, rElec
                  | Dex+2}
 32605 | Swamp:1  | Entered Level 1 of the Swamp
 32636 | Swamp:1  | Reached skill level 10 in Throwing
 32712 | Swamp:1  | Reached XP level 18. HP: 184/184 MP: 8/17
 32865 | Swamp:1  | Reached skill level 22 in Fighting
 32887 | Swamp:1  | Received a gift from Trog
 33199 | Swamp:1  | Acquired a +2 pair of boots of rampaging
 33273 | Swamp:2  | Noticed a tentacled monstrosity
 33280 | Swamp:2  | Killed a tentacled monstrosity
 34028 | Orc:1    | Entered Level 1 of the Orcish Mines
 34636 | Orc:2    | Entered Level 2 of the Orcish Mines
 34651 | Orc:2    | Received a gift from Trog
 35105 | Orc:2    | Found Faerchuxtobb's Antique Armour Boutique.
 35109 | Orc:2    | Found Dexat's Antique Weapon Shop.
 35157 | Orc:2    | Bought the +4 skin of Zhor {*Englaciate rC+++ SInv} for
                  | 2194 gold pieces
 35157 | Orc:2    | Found the +4 skin of Zhor {*Englaciate rC+++ SInv}
 35185 | Orc:2    | Received a gift from Trog
 35216 | Orc:2    | Found a staircase to the Elven Halls.
 35259 | Orc:2    | Found Voanomug's Magic Scroll Shoppe.
 35472 | Orc:2    | Noticed Josephine
 35483 | Orc:2    | Killed Josephine
 35659 | Orc:2    | Found Jugg's Antique Armour Boutique.
 35718 | Orc:2    | Found Wyfetut's Magic Scroll Shoppe.
 35745 | Orc:2    | Bought a scroll of vulnerability for 90 gold pieces
 35745 | Orc:2    | Bought a scroll of acquirement for 624 gold pieces
 35751 | Orc:2    | Acquired 496 gold pieces
 36167 | D:11     | Killed ytrimaz's ghost
 36261 | D:11     | Voluntarily entered the Abyss.
 36559 | Abyss:1  | Identified the +0 helmet of Demons {-Cast Dex+6}
 36617 | Abyss:2  | Identified the ring "Cetroozu" {Ice rElec Str+4}
 36624 | Abyss:2  | Found a corrupted altar of Lugonu.
 36628 | D:11     | Escaped the Abyss
 36865 | Swamp:3  | Received a gift from Trog
 36909 | Swamp:3  | Noticed Jorgrun
 36919 | Swamp:3  | Killed Jorgrun
 36970 | Swamp:3  | Noticed Bai Suzhen
 37001 | Swamp:3  | Killed Bai Suzhen
 37463 | Swamp:4  | Entered Level 4 of the Swamp
 37588 | Swamp:4  | Reached XP level 19. HP: 146/193 MP: 9/18
 37589 | Swamp:4  | Noticed the 27-headed Lernaean hydra
 37682 | Swamp:3  | HP: 9/193 [the 27-headed Lernaean hydra (7)]
 37682 | Swamp:3  | HP: 1/193 [the 27-headed Lernaean hydra (8)]
 37682 | Swamp:3  | Mangled by the 27-headed Lernaean hydra

Illustrated notes

Levels and vault maps discovered:
D:1:      nzn_arrival_settlement, layout_basic, chequers_ecumenical_altar_grove,
          serial_aquarium, aquarium_bridge_square [aquarium_subvault_bridge,
          aquarium_subvault_bridge, aquarium_subvault_wall,
          aquarium_subvault_bridge], aquarium_bridge_long_joined
          [aquarium_subvault_bridge, aquarium_subvault_bridge,
          aquarium_subvault_wall, aquarium_subvault_window,
          aquarium_subvault_bridge, aquarium_subvault_window],
          aquarium_window_1, aquarium_window_corridor_1, aquarium_window_fake,
          aquarium_window_2, aquarium_view_2e, aquarium_view_2d,
          aquarium_pool_five
D:2:      layout_loops_corners
D:3:      layout_loops_cross, mainiacjoe_overflow_brackets,
          mainiacjoe_overflow_catch_the_wave
D:4:      layout_loops_corners, enter_ossuary_1, minmay_liquid_box,
          minmay_ruptured
D:5:      layout_loops_corners, trog_wizard, temple_doors_ab, minivault_24
D:6:      layout_basic
D:7:      layout_loops_ring, mainiacjoe_overflow_alcove_4, old_standard_altar
D:8:      layout_basic, minmay_misc_feat_four_crosses, uniq_psyche, uniq_grum,
          uniq_pikel, uniq_joseph
D:9:      layout_loops_ring, nicolae_xom_altar_mimics, serial_shops,
          nicolae_shop_crystal, kennysheep_generic_room_3, uniq_prince_ribbit1
D:10:     layout_cave_pools, uniq_gastronok, uniq_maggie
D:11:     layout_rooms, dpeg_oklobed_lair, orc_0_dummy,
          gammafunk_ghost_abyssal_escape, uniq_erica
D:12:     kennysheep_snake, layout_loops_corners, portal_ice_cave_demonic_guard
D:13:     layout_basic, enter_bailey_2, nicolae_qazlal_style_of_elements,
          uniq_urug, uniq_sonja
D:14:     layout_basic, david_vaults_2, solitary_fountain, minmay_misc_feat_tiny
D:15:     hangedman_depths_entry_civil_slaughter, layout_cave_pools,
          okawaru_trees_2
Lair:1:   minmay_lair_oklob_tunnel, layout_layer_cave, nzn_ghost_randoct,
          serial_bayou_lake_a, infiniplex_staircase_pool_2, uniq_nergalle
Lair:2:   layout_loops_ring, special_room [special_room_bee]
Lair:3:   layout_gridlike, minmay_snake_entry_guardpost_large,
          grunt_megastairs_5
Lair:4:   layout_regular_city, swamp_mist_pool, chequers_serial_rivers_room_a,
          grunt_megastairs_3
Lair:5:   layout_regular_city, uniq_rupert
Lair:6:   hangedman_lair_caniforms_friends, layout_regular_city,
          hangedman_lair_in_review, slime_altar_1,
          grunt_forest_large_clearing_hut
Swamp:1:  layout_basic_swamp, evilmike_swamp_ruin_house_6
Swamp:2:  layout_basic_swamp, evilmike_swamp_ruin_house_5, swamp_pool5
Swamp:3:  layout_falls_marsh, evilmike_swamp_ruin_house_3, uniq_jorgrun,
          uniq_bai_suzhen
Swamp:4:  swamp_old_school, layout_basic_swamp
Snake:1:  layout_cave_shapes, nicolae_shop_sticking_my_neck_out,
          grunt_megastairs_1
Snake:2:  layout_layer_cave, serial_bayou_pond_c, uniq_aizul, uniq_vashnia
Snake:3:  layout_layer_cave, uniq_mlioglotl, uniq_mara
Snake:4:  grunt_snake_rune_serpentine_throne, layout_cave_town,
          nicolae_coiled_stairwell_up
Orc:1:    layout_caves, nooodl_orcs_dogs
Orc:2:    grunt_orc_community_town_hall, layout_diamond_mine,
          grunt_orc_community_big_house_1, grunt_orc_community_big_house_2,
          grunt_orc_community_house_2, grunt_orc_community_house_2,
          grunt_orc_community_house_1, grunt_orc_community_house_3,
          grunt_orc_community_house_2, grunt_orc_community_house_2,
          serial_shops, shop, roderic_batcave, uniq_josephine

Skill      XL: |  1  2  3  4  5  6  7  8  9 10 11 12 13 14 15 16 17 18 |
---------------+-------------------------------------------------------+-----
Fighting       | 4 5 6 7 9 10 11 12 15 17 19 20 21 22 | 22.8
Polearms       | 4 5 6 7 8 10 11 12 14 15 16 17 18 | 18.3
Armour         | 3 4 5 6 8 9 11 12 14 15 16 17 18 20 | 20.0
Shields        | 4 7 9 11 12 14 15 16 17 18 | 18.4
Dodging        | 3 6 8 9 10 12 | 12.1
Throwing       | 4 6 8 10 11 | 11.0

Action                   |  1- 3 |  4- 6 |  7- 9 | 10-12 | 13-15 | 16-18 | 19-21 || total
-------------------------+-------+-------+-------+-------+-------+-------+-------++-------
Melee: Spear             |    54 |   207 |    10 |       |       |       |       ||   271
       Headbutt          |     6 |    45 |    47 |   101 |    86 |   204 |     3 ||   492
       Trident           |       |       |   258 |   335 |       |       |       ||   593
       Demon trident     |       |       |       |   128 |   687 |  1159 |    14 ||  1988
Throw: Stone             |       |       |       |     6 |   269 |    14 |       ||   289
Invok: Berserk           |     1 |     4 |    12 |    23 |    21 |    24 |     1 ||    86
       Trog's Hand       |       |       |       |       |     1 |       |       ||     1
  Use: Scroll            |       |       |     8 |    11 |    10 |     7 |     4 ||    40
       Potion            |       |       |       |       |       |       |     1 ||     1
 Stab: Distracted        |       |       |       |     2 |     8 |     9 |     2 ||    21
       Sleeping          |       |       |       |       |       |     7 |       ||     7
       Confused          |       |       |       |       |       |     1 |       ||     1
Armor: Animal skin       |     2 |       |       |       |       |    37 |    51 ||    90
       Plate armour      |     5 |    75 |   114 |   124 |   164 |   152 |       ||   634
Dodge: Dodged            |    13 |    38 |    57 |    73 |   111 |   185 |    33 ||   510
Block: Buckler           |       |       |    10 |    38 |       |       |       ||    48
       Kite shield       |       |       |       |    34 |   162 |   286 |    31 ||   513

Table legend: (Time is in decaauts)
 A = Elapsed time spent in this place.
 B = Non-inter-level travel time spent in this place.
 C = Inter-level travel time spent in this place.
 D = Time resting spent in this place.
 E = Time spent auto-exploring this place.
 F = Levels seen in this place.
 G = Mean time per level.
                   A        B        C        D        E       F      G
               +--------+--------+--------+--------+--------+-----+--------+
         Total |  37757 |  35454 |   2303 |   8871 |  21121 |  36 | 1048.8 |
       Dungeon |  20250 |  19056 |   1194 |   6220 |  10664 |  15 | 1350.0 |
          Lair |   5768 |   5274 |    494 |    367 |   4121 |   6 |  961.3 |
         Swamp |   2357 |   2198 |    159 |    741 |   1067 |   4 |  589.2 |
     Snake Pit |   4874 |   4651 |    223 |    515 |   3283 |   4 | 1218.5 |
  Orcish Mines |   2036 |   1805 |    231 |    261 |   1127 |   2 | 1018.0 |
         Abyss |    351 |    351 |      0 |      0 |    265 |   2 |  175.5 |
       Ossuary |    163 |    163 |      0 |     52 |     61 |   1 |  163.0 |
        Bailey |    907 |    907 |      0 |      0 |    384 |   1 |  907.0 |
      Ice Cave |   1047 |   1047 |      0 |    713 |    147 |   1 | 1047.0 |
               +--------+--------+--------+--------+--------+-----+--------+

Top non-repeatable levels by time:
     D:9: 2067 daAuts
    D:12: 2030 daAuts
    D:10: 1947 daAuts
    D:11: 1838 daAuts
     D:7: 1637 daAuts
 Snake:2: 1592 daAuts
    D:13: 1356 daAuts
     D:8: 1354 daAuts
     D:6: 1316 daAuts
  Lair:6: 1281 daAuts
   Orc:2: 1270 daAuts
 Snake:4: 1252 daAuts
 Snake:3: 1195 daAuts
     D:1: 1071 daAuts
     D:4: 1054 daAuts
